 Dungeon Crawl Stone Soup version 0.25.0-11-g1f837a76a1 (webtiles) character file.

Game seed: 11834858705982468544

32588 mortelune the Summoner (level 13, -1/105 HPs)
             Began as a Barachi Summoner on June 27, 2020.
             Was a High Priest of Ashenzari.
             Succumbed to a spiny frog's poison
             ... on level 6 of the Lair of Beasts.
             The game lasted 00:59:57 (28329 turns).

mortelune the Summoner (Barachi Summoner)          Turns: 28329, Time: 00:59:58

Health: -1/105     AC: 14    Str: 10    XL:     13   Next: 65%
Magic:  17/26      EV: 15    Int: 20    God:    Ashenzari [*****.]
Gold:   707        SH:  9    Dex:  9    Spells: 8/31 levels left

rFire    + + .     SeeInvis +   o - +7 mace "Wyshumosm" {venom, +Blink rN+ MR++ Dex-4} (curse)
rCold    + . .     Gourm    .   f - +0 buckler (curse)
rNeg     + . .     Faith    .   b - +1 leather armour of the Skies Above {rF+ Stlth+} (curse)
rPois    .         Spirit   .   r - +1 helmet (curse)
rElec    .         Reflect  +   C - scarf {rC+ rF+} (curse)
rCorr    .         Harm     .   (no gloves)
MR       ++...     Clarity  +   v - +2 pair of boots (curse)
Stlth    +++.......             w - amulet of reflection (curse)
HPRegen  0.27/turn              T - +4 ring of protection
MPRegen  0.20/turn              W - ring of wizardry (curse)

@: lethally poisoned (-1 -> -23), slow
A: +LOS, swims, slowness 1, strong legs 2
a: Hop, Curse Item, Scrying, Transfer Knowledge, Renounce Religion, Evoke Blink


You were on level 6 of the Lair of Beasts.
You worshipped Ashenzari.
Ashenzari was extremely pleased with you.
You were near starving.

You visited 3 branches of the dungeon, and saw 19 of its levels.
You also visited: Gauntlet.

You collected 1295 gold pieces.
You spent 588 gold pieces at shops.

Inventory:

Hand Weapons
 o - the cursed +7 mace "Wyshumosm" (weapon) {venom, +Blink rN+ MR++ Dex-4}
   (You found it on level 4 of the Dungeon)

   It poisons the flesh of those it strikes.
   It affects your dexterity (-4).
   It protects you from negative energy.
   It affects your resistance to hostile enchantments.
   It lets you blink.
   It has a curse placed upon it.
Missiles
 a - 18 silver javelins (quivered)
Armour
 b - the cursed +1 leather armour of the Skies Above (worn) {rF+ Stlth+}
   (You found it on level 6 of the Lair of Beasts)

   It protects you from fire.
   It makes you more stealthy.
   It has a curse placed upon it.
 f - a cursed +0 buckler (worn)
 r - a cursed +1 helmet (worn)
 v - a cursed +2 pair of boots (worn)
 x - a +0 troll leather armour
 z - the +18 shield of the Gong {rElec rN+ MR+ EV-5}
   (You found it on level 10 of the Dungeon)

   It affects your evasion (-5).
   It insulates you from electricity.
   It protects you from negative energy.
   It affects your resistance to hostile enchantments.
 C - a cursed scarf of resistance (worn)
Magical Staves
 L - an uncursed staff of wizardry
Jewellery
 u - a +6 ring of strength
 w - a cursed amulet of reflection (around neck)
 G - an uncursed amulet of guardian spirit
 M - an uncursed ring of protection from magic
 P - a cursed ring of poison resistance
 T - a +4 ring of protection (left hand)
 W - a cursed ring of wizardry (right hand)
Wands
 d - a wand of disintegration (49)
 k - a wand of polymorph (16)
 s - a wand of iceblast (7)
 D - a wand of digging (3)
 E - a wand of clouds (14)
 I - a wand of random effects (49)
 S - a wand of acid (8)
 U - a wand of flame (8)
Scrolls
 e - 3 scrolls of fear
 g - 4 scrolls of immolation
 h - 2 scrolls of remove curse
 i - a scroll of brand weapon {unknown}
 n - 4 scrolls of enchant armour
 t - 11 scrolls of teleportation
 B - a scroll of blinking
 H - a scroll of summoning
 V - 2 scrolls of amnesia
 Z - a scroll of magic mapping
Potions
 j - 4 potions of heal wounds
 l - 2 potions of might
 m - 2 potions of ambrosia
 p - 2 potions of berserk rage
 q - 3 potions of haste
 y - 2 potions of flight
 A - a potion of cancellation
 F - 3 potions of curing
 J - 3 potions of lignification
 K - a potion of resistance
 N - a potion of mutation
 O - 3 potions of brilliance
 R - a potion of invisibility
 X - 2 potions of degeneration {unknown}
 Y - a potion of magic {unknown}
Miscellaneous
 Q - a tin of tremorstones (3/3)
Comestibles
 c - 34 rations


   Skills:
 + Level 10.9 Fighting
 + Level 6.1(10.2) Maces & Flails
 + Level 6.7 Armour
 - Level 5.6(8.3) Dodging
 - Level 1.7(3.6) Stealth
 - Level 2.7(5.0) Shields
 + Level 9.9 Spellcasting
 * Level 8.3(11.0) Conjurations
 - Level 12.6(14.9) Summonings
 - Level 7.2(9.9) Ice Magic
 + Level 9.2(11.7) Air Magic


You had 8 spell levels left.
You knew the following spells:

 Your Spells              Type           Power        Failure   Level  Hunger
a - Summon Small Mammal   Summ           ####         0%          1    None
c - Call Canine Familiar  Summ           ######..     1%          3    None
d - Summon Ice Beast      Ice/Summ       ######..     1%          4    ##.....
e - Summon Lightning Spi  Summ/Air       ######..     1%          4    ##.....
f - Orb of Destruction    Conj           ######....   32%         7    #######
z - Airstrike             Air            ######....   1%          4    ##.....

Your spell library contained the following spells:

 Spells                   Type           Power        Failure   Level  Hunger
 Magic Dart               Conj           ####         1%          1    None
 Shock                    Conj/Air       ####         1%          1    None
 Call Imp                 Summ           ######..     1%          2    None
 Swiftness                Chrm/Air       ####....     1%          2    None
 Conjure Flame            Conj/Fire      ####....     1%          3    None
 Mephitic Cloud           Conj/Pois/Air  #####...     1%          3    None
 Static Discharge         Conj/Air       ######..     1%          3    None
 Stone Arrow              Conj/Erth      ####..       1%          3    None
 Summon Guardian Golem    Hex/Summ       #####...     1%          3    None
 Lightning Bolt           Conj/Air       ######....   1%          5    #####..
 Animate Skeleton         Necr           N/A          3%          1    None
 Apportation              Tloc           ##....       3%          1    None
 Corona                   Hex            ##.....      3%          1    None
 Pain                     Necr           ##..         3%          1    None
 Sandblast                Erth           ##....       3%          1    None
 Blink                    Tloc           N/A          4%          2    None
 Passwall                 Tmut/Erth      ##......     4%          2    None
 Slow                     Hex            ##......     4%          2    None
 Inner Flame              Hex/Fire       ##......     10%         3    None
 Portal Projectile        Hex/Tloc       ##....       10%         3    None
 Vampiric Draining        Necr           ##........   10%         3    None
 Iskenderun's Battlesphe  Conj/Chrm      ####....     10%         5    #####..
 Spellforged Servitor     Conj/Summ      ######....   16%         7    #######
 Bolt of Magma            Conj/Fire/Erth ####......   21%         5    #####..
 Animate Dead             Necr           N/A          30%         4    ##.....
 Cause Fear               Hex            ##........   30%         4    ##.....
 Leda's Liquefaction      Hex/Erth       ##........   30%         4    ##.....
 Petrify                  Tmut/Erth      ##......     30%         4    ##.....
 Iron Shot                Conj/Erth      ####......   45%         6    ######.
 Agony                    Necr           ##......     61%         5    #####..
 Lee's Rapid Deconstruct  Erth           ##........   61%         5    #####..


Dungeon Overview and Level Annotations

Branches:
Dungeon (12/15)            Temple (1/1) D:5            Lair (6/6) D:11
 Shoals (0/4) Lair:3       Spider (0/4) Lair:2        Slime (0/5) Lair:5
    Orc (0/2) D:12        Gauntlet (visited)

Altars:
Ashenzari
Cheibriados
Dithmenos
Elyvilon
Fedhas
Gozag
Hepliaklqana
Kikubaaqudgha
Makhleb
Nemelex Xobeh
Okawaru
Qazlal
Ru
Sif Muna
Trog
Uskayaw
Vehumet
Wu Jian
Xom
Zin
The Shining One
Jiyva

Shops:
D:11 !%

Annotations:
D:4 1 runed translucent door, Crazy Yiuf
Lair:1 3 runed translucent doors, Flugkiller's ghost, novice SpEn


Innate Abilities, Weirdness & Mutations

You can be seen from farther away. (+LOS)
You can swim through water.
You cover ground slowly.
You can hop long distances.


Message History

The spiny frog gives a loud, deep croak!
You see here 13 sling bullets.
You feel sick.
You see here a ration.
You feel sick.
The spiny frog stings you but does no damage.
You feel sick. You block the spiny frog's attack.
Your ice beast hits the spiny frog but does no damage.
You feel sick. You block the spiny frog's attack.
You feel sick. The spiny frog closely misses you.
Your ice beast hits the spiny frog but does no damage.
You feel sick. You block the spiny frog's attack.
You feel sick.
Your ice beast disappears in a puff of smoke!
The spiny frog barely misses you.
You feel sick. The spiny frog stings you!!
* * * LOW HITPOINT WARNING * * *
You are more poisoned.
The spiny frog poisons you! You block the spiny frog's attack.
You die...

*
,............#............
, ,
,.............P.........#.
,, ,
.............≈..≈..###.#P ,
, ,
...................≈.####
,,,,,
..≈.≈P.P≈≈≈≈≈≈≈≈...≈...##
,,
.≈..P≈P≈≈≈≈#≈≈P≈≈≈P≈≈≈.≈. ,
,,
*,....≈≈≈≈.###≈≈≈≈≈≈≈≈≈≈≈.P
, ,, *
..≈P≈≈≈≈≈≈###≈≈≈≈P≈≈≈≈≈≈P ,
,*
≈≈≈≈≈≈≈≈@≈≈####≈≈≈P≈≈≈≈≈≈
**##≈≈≈≈≈≈≈≈≈#≈≈≈≈P≈P≈≈.≈≈≈
,,,, *
####..≈≈F≈≈≈≈≈≈≈≈≈≈≈≈≈≈≈ ,
, ,≈ #
#######§P.≈≈≈≈≈≈≈≈≈≈≈ , *
≈≈ ≈P.####≈≈≈P≈.≈≈≈≈≈≈≈≈≈≈
,,, ,
≈≈≈≈≈.≈≈)%)≈P.≈P≈≈≈≈≈≈≈ ,
,, ,,≈
≈≈P≈≈≈P≈.(..≈≈≈≈P≈≈≈≈≈≈ ,
,,
≈≈≈≈≈≈≈.≈≈P$$(≈≈.≈≈≈≈≈≈≈≈ ,
≈≈≈≈≈≈.≈≈≈≈≈≈####≈≈≈≈≈P


You could see a spiny frog.

Vanquished Creatures
  A minotaur (Gauntlet)
  A catoblepas (Lair:3)
  A two-headed ogre (D:9)
  A fire crab (Lair:4)
  A wolf spider (Lair:2)
  An ugly thing (D:11)
  2 elephants (Lair:6)
  2 black mambas
  6 spiny frogs
  4 rime drakes
  3 komodo dragons
  12 blink frogs
  5 hippogriffs
  3 tyrant leeches (Lair:6)
  8 yaks
  2 basilisks
  A hungry ghost (D:11)
  4 vampire mosquitoes (Lair:6)
  Menkaure (D:6)
  8 water moccasins
  4 porcupines
  A necrophage (D:9)
  4 orc warriors
  A sky beast (D:8)
  An ogre (D:5)
  2 centaurs
  9 crocodiles
  2 big kobolds
  13 bullfrogs
  A wyvern zombie (D:10)
  2 scorpions
  A wyvern skeleton (D:9)
  2 wights (D:9)
  A killer bee (D:10)
  2 electric eels
  A howler monkey (D:9)
  3 crimson imps
  A quasit (D:9)
  An orc priest (D:8)
  4 bullfrog skeletons
  3 orc wizards
  A centaur skeleton (D:11)
  8 hounds
  2 iguanas
  Natasha (D:4)
  4 worker ants
  2 hound zombies (D:9)
  A worker ant zombie (D:9)
  6 gnolls
  4 adders
  A river rat (Lair:1)
  2 shadow imps
  An ooze (D:4)
  2 adder skeletons (D:4)
  6 leopard geckos
  24 orcs
  A bat (D:2)
  3 giant cockroaches
  4 goblins
  2 hobgoblins
  6 jackals
  7 kobolds
  2 quokkas
  3 frilled lizards
  A giant cockroach zombie (D:5)
  A jackal skeleton (D:5)
  A jackal zombie (D:6)
  A leopard gecko zombie (D:5)
  2 rats
  A plant (Lair:1)
226 creatures vanquished.

Vanquished Creatures (collateral kills)
  4 hydras
  A two-headed ogre (D:8)
  Urug (Lair:6)
  Sonja (Lair:5)
  A slime creature (Gauntlet)
  An ugly thing (D:12)
  2 oklob plants (Lair:1)
  2 black mambas
  A merfolk siren (Lair:3)
  11 spiny frogs
  A gargoyle (D:10)
  3 elephants (Lair:6)
  A komodo dragon (Lair:4)
  3 trolls
  2 polar bears
  A tyrant leech (Lair:6)
  11 blink frogs
  7 hippogriffs
  23 yaks
  A basilisk (Lair:6)
  4 vampire mosquitoes
  2 water moccasins
  9 orc warriors
  3 porcupines
  Duvessa (D:7)
  A hornet zombie (D:7)
  2 sky beasts
  An eye of draining (D:9)
  6 ogres
  A wolf (Lair:1)
  3 centaurs
  4 crocodiles
  2 nameless horrors
  2 big kobolds (D:12)
  4 gnoll sergeants (D:12)
  12 bullfrogs
  Dowan (D:7)
  3 scorpions
  8 killer bees
  5 wights
  2 howler monkeys
  A crimson imp (D:11)
  A bullfrog zombie (D:10)
  3 hounds
  6 jellies
  9 orc wizards
  A centaur skeleton (D:4)
  6 orc priests
  Terence (D:2)
  3 iguanas
  Natasha (D:4)
  A worker ant (D:10)
  A worker ant zombie (D:8)
  7 gnolls
  10 adders
  2 adder skeletons
  An adder zombie (D:8)
  2 worms (D:2)
  A leopard gecko (D:1)
  36 orcs
  A bat (D:1)
  2 goblins (D:1)
  A hobgoblin (D:2)
  7 jackals
  A quokka (D:6)
  A frilled lizard (D:3)
  2 kobolds
  A quokka skeleton (D:7)
  A demonic plant (Gauntlet)
  2 fungi (D:11)
  A plant (Lair:6)
267 creatures vanquished.

Vanquished Creatures (others)
  2 bushes (Lair:6)
  4 fungi
  41 plants
47 creatures vanquished.

Grand Total: 540 creatures vanquished

Notes
Turn   | Place    | Note
-------+----------+-------------------------------------------
     0 | D:1      | mortelune the Barachi Summoner began the quest for the Orb.
     0 | D:1      | Reached XP level 1. HP: 13/13 MP: 3/3
    43 | D:1      | Reached skill level 5 in Summonings
   103 | D:1      | Reached XP level 2. HP: 18/19 MP: 5/5
   150 | D:1      | Learned a level 2 spell: Call Imp
  1661 | D:2      | Reached XP level 3. HP: 22/24 MP: 7/7
  1687 | D:2      | Noticed Terence
  1706 | D:2      | Killed Terence
  1718 | D:2      | Learned a level 3 spell: Call Canine Familiar
  1941 | D:2      | Found a shimmering blue altar of Sif Muna.
  1971 | D:2      | Reached skill level 6 in Summonings
  2599 | D:2      | Reached XP level 4. HP: 18/30 MP: 4/8
  3489 | D:3      | Found a shadowy altar of Dithmenos.
  4665 | D:4      | Reached XP level 5. HP: 18/35 MP: 2/10
  5462 | D:4      | Reached skill level 7 in Summonings
  6154 | D:4      | Noticed Natasha
  6165 | D:4      | Killed Natasha
  6165 | D:4      | Reached XP level 6. HP: 25/41 MP: 8/11
  6171 | D:4      | Learned a level 4 spell: Summon Ice Beast
  6450 | D:4      | Found a runed translucent door.
  6451 | D:4      | Noticed Crazy Yiuf
  6469 | D:4      | Noticed Natasha
  6475 | D:4      | Killed Natasha
  6485 | D:4      | Got a fading mace
  6486 | D:4      | Identified the +7 mace "Wyshumosm" {venom, +Blink rN+ MR++
                  | Dex-4} (You found it on level 4 of the Dungeon)
  6714 | D:5      | Entered Level 5 of the Dungeon
  6779 | D:5      | Noticed a sky beast
  6783 | D:5      | Reached skill level 1 in Fighting
  6783 | D:5      | Reached skill level 1 in Ice Magic
  6798 | D:5      | Killed a sky beast
  6798 | D:5      | Reached skill level 8 in Summonings
  7110 | D:5      | Reached XP level 7. HP: 47/49 MP: 13/13
  7532 | D:5      | Found a stormy altar of Qazlal.
  7535 | D:5      | Found a bloodstained altar of Trog.
  7538 | D:5      | Found a sacrificial altar of Ru.
  7540 | D:5      | Found a hazy altar of Hepliaklqana.
  7657 | D:5      | Found a staircase to the Ecumenical Temple.
  7724 | D:5      | Found a white marble altar of Elyvilon.
  7925 | D:5      | Learned a level 4 spell: Summon Lightning Spire
  8124 | Temple   | Entered the Ecumenical Temple
  8149 | Temple   | Became a worshipper of Ashenzari the Shackled
  8584 | D:6      | Noticed Menkaure
  8591 | D:6      | Noticed a nameless horror
  8594 | D:6      | Killed Menkaure
  8594 | D:6      | Reached skill level 9 in Summonings
  8599 | D:6      | Killed a nameless horror
  9040 | D:6      | Found a burning altar of Makhleb.
  9041 | D:6      | Found a radiant altar of Vehumet.
  9050 | D:6      | Reached XP level 8. HP: 56/58 MP: 15/15
  9149 | D:6      | Found a sparkling altar of Nemelex Xobeh.
  9255 | D:7      | Noticed a hippogriff
  9603 | D:7      | Noticed Duvessa
  9603 | D:7      | Noticed Dowan
  9611 | D:7      | Killed Duvessa
  9611 | D:7      | Reached skill level 5 in Spellcasting
  9613 | D:7      | Killed Dowan
  9858 | D:7      | Killed a hippogriff
 10167 | D:7      | Reached skill level 10 in Summonings
 10346 | D:7      | Noticed a hippogriff
 10354 | D:7      | Killed a hippogriff
 10512 | D:8      | Found an ornate altar of the Wu Jian Council.
 10519 | D:8      | Reached XP level 9. HP: 56/67 MP: 8/17
 10531 | D:8      | Reached skill level 5 in Fighting
 10688 | D:8      | Reached skill level 5 in Ice Magic
 10818 | D:8      | Noticed a two-headed ogre
 10835 | D:8      | Killed a two-headed ogre
 10836 | D:8      | Reached skill level 11 in Summonings
 12246 | D:9      | Reached XP level 10. HP: 77/77 MP: 8/20
 12877 | D:9      | Reached skill level 12 in Summonings
 13598 | D:9      | Noticed a two-headed ogre
 13608 | D:9      | Killed a two-headed ogre
 13858 | D:9      | Reached * piety under Ashenzari
 13927 | D:10     | Entered Level 10 of the Dungeon
 15152 | D:10     | Found the +18 shield of the Gong {rElec rN+ MR+ EV-5}
 15284 | D:10     | Reached skill level 1 in Shields
 15321 | D:10     | Noticed a gargoyle
 15480 | D:10     | Killed a gargoyle
 15694 | D:10     | Learned a level 7 spell: Orb of Destruction
 16123 | D:11     | Noticed a cyan ugly thing
 16134 | D:11     | Killed a cyan ugly thing
 16134 | D:11     | Reached skill level 1 in Conjurations
 16134 | D:11     | Reached skill level 1 in Air Magic
 16435 | D:11     | Found a staircase to the Lair.
 16483 | D:11     | Reached XP level 11. HP: 63/86 MP: 7/22
 16612 | D:11     | Reached skill level 5 in Dodging
 16688 | D:11     | Reached ** piety under Ashenzari
 16743 | D:11     | Learned a level 4 spell: Airstrike
 16848 | D:11     | Noticed a four-headed hydra
 16858 | D:11     | Killed a four-headed hydra
 17027 | D:11     | Found Amunuzag's Food Boutique.
 17226 | D:11     | Found Xaoklau's Distillery.
 17235 | D:11     | Bought a potion of heal wounds for 70 gold pieces
 17235 | D:11     | Bought a potion of lignification for 42 gold pieces
 17235 | D:11     | Bought a potion of resistance for 140 gold pieces
 17235 | D:11     | Bought a potion of invisibility for 112 gold pieces
 17235 | D:11     | Bought a potion of mutation for 112 gold pieces
 17235 | D:11     | Bought a potion of invisibility for 112 gold pieces
 17495 | D:12     | Noticed a green ugly thing
 17510 | D:12     | Killed a green ugly thing
 17997 | D:12     | Found a staircase to the Orcish Mines.
 18417 | D:12     | Reached *** piety under Ashenzari
 19035 | Lair:1   | Entered Level 1 of the Lair of Beasts
 19121 | Lair:1   | Noticed an oklob plant
 19198 | Lair:1   | Noticed an oklob plant
 19204 | Lair:1   | Killed an oklob plant
 19204 | Lair:1   | Reached skill level 1 in Armour
 19208 | Lair:1   | Killed an oklob plant
 19208 | Lair:1   | Reached skill level 1 in Maces & Flails
 19489 | Lair:1   | Reached skill level 5 in Air Magic
 19522 | Lair:1   | Found a runed translucent gate.
 19522 | Lair:1   | Found a runed translucent gate.
 19523 | Lair:1   | Found a runed translucent gate.
 19527 | Lair:1   | Noticed Flugkiller's ghost (novice SpEn)
 19529 | Lair:1   | Found a viscous altar of Jiyva.
 20090 | Lair:1   | Reached **** piety under Ashenzari
 20413 | Lair:1   | Identified the cursed +1 short sword of Mandamus {vorpal,
                  | Str+7 Int+6}
 20703 | Lair:2   | Found a hole to the Spider Nest.
 20703 | Lair:2   | Noticed a wolf spider
 20713 | Lair:2   | Killed a wolf spider
 20713 | Lair:2   | Reached XP level 12. HP: 43/95 MP: 20/24
 21837 | Lair:3   | Found a staircase to the Shoals.
 22114 | Lair:3   | Reached ***** piety under Ashenzari
 22132 | Lair:3   | Noticed a catoblepas
 22147 | Lair:3   | Killed a catoblepas
 22441 | Lair:3   | Reached skill level 5 in Conjurations
 22613 | Lair:4   | Found a gate leading to a gauntlet.
 22624 | Gauntlet | Entered a Gauntlet
 22624 | Gauntlet | Found a transporter.
 22814 | Gauntlet | Found a transporter.
 22817 | Gauntlet | Found a transporter.
 22818 | Gauntlet | Found a transporter.
 22822 | Gauntlet | Found a runed translucent door.
 22824 | Gauntlet | Found a runed translucent door.
 22826 | Gauntlet | Identified the amulet "Fitsaoss" {Acrobat *Contam +Inv rN+
                  | Slay+2}
 22826 | Gauntlet | Found a transporter.
 22829 | Gauntlet | Found a transporter.
 22830 | Gauntlet | Found a transporter.
 22838 | Gauntlet | Found a transporter.
 22841 | Gauntlet | Found a transporter.
 22842 | Gauntlet | Found a transporter.
 22850 | Gauntlet | Identified the ring "Weches" {*Slow rPois rC+ Str+6 Int+5}
 22850 | Gauntlet | Found a transporter.
 22853 | Gauntlet | Found a transporter.
 22854 | Gauntlet | Found a transporter.
 22857 | Gauntlet | Noticed a hell beast
 22871 | Gauntlet | Found a transporter.
 23104 | Gauntlet | Noticed a minotaur
 23271 | Gauntlet | Killed a minotaur
 23392 | Gauntlet | Identified the +0 pair of boots of Birdsong {rElec MR++
                  | Dex+4 Slay-6}
 23882 | Lair:4   | Noticed a six-headed hydra
 23892 | Lair:4   | Killed a six-headed hydra
 24971 | Lair:5   | Reached skill level 10 in Fighting
 24971 | Lair:5   | Reached skill level 5 in Armour
 25114 | Lair:5   | Noticed a six-headed hydra
 25126 | Lair:5   | Killed a six-headed hydra
 25357 | Lair:5   | Reached skill level 5 in Maces & Flails
 25457 | Lair:5   | Found a staircase to the Slime Pits.
 25457 | Lair:5   | Found a viscous altar of Jiyva.
 25464 | Lair:5   | Noticed Sonja
 25474 | Lair:5   | Killed Sonja
 25476 | Lair:5   | Gained mutation: You can hop long distances. [Barachi
                  | growth]
 25476 | Lair:5   | Reached XP level 13. HP: 103/103 MP: 11/26
 26243 | Lair:6   | Entered Level 6 of the Lair of Beasts
 27276 | Lair:6   | Noticed Urug
 27298 | Lair:6   | Killed Urug
 28236 | Lair:6   | Got the cursed leather armour of the Skies Above {rF+
                  | Stlth+}
 28239 | Lair:6   | Identified the cursed +1 leather armour of the Skies Above
                  | {rF+ Stlth+} (You found it on level 6 of the Lair of
                  | Beasts)
 28328 | Lair:6   | HP: 1/105 [spiny frog (18)]
 28329 | Lair:6   | Succumbed to a spiny frog's poison

Illustrated notes

Levels and vault maps discovered:
D:1:      heliophobic_arrival_battle_scene, layout_loops_ring
D:2:      layout_loops_corners, nicolae_overflow_crystal_walls, first_ration,
          kennysheep_nub, uniq_terence
D:3:      layout_rooms, nicolae_dithmenos_through_a_glass_darkly
D:4:      layout_gridville, minmay_stone_trees_small, uniq_crazy_yiuf_cottage,
          uniq_natasha
D:5:      layout_rooms, kennysheep_little_box, minitemple,
          minmay_temple_entry_statues_pillars
D:6:      layout_loops_ring, grunt_temple_overflow_lords_of_destruction,
          hangedman_decor_slide_cut, corexii_corridor_pit,
          nemelex_spade_bored_becter, uniq_menkaure
D:7:      layout_rooms, uniq_duvessa
D:8:      layout_rooms, nicolae_overflow_hidden_temple, special_room
          [special_room_orc]
D:9:      layout_roguey, grunt_ogre_cave
D:10:     layout_long_grid
D:11:     layout_basic, grunt_lair_entry_orc_guard_hut, serial_shops, shop,
          hangedman_decor_points, minmay_liquid_box,
          nicolae_shop_scaring_up_business
D:12:     layout_irregular_city, kennysheep_orc_monster_closet_entryway
Temple:   cyrus_circular_temple
Lair:1:   layout_chaotic_city, gammafunk_ghost_ooze, pond, lemuel_fruit_tree,
          infiniplex_staircase_pool, grunt_megastairs_2,
          minmay_lair_oklob_chamber
Lair:2:   layout_small_grid, spider_nest_entry_rubble
Lair:3:   layout_roguey, elwin_shoals_entry_rooms
Lair:4:   layout_gridlike, gauntlet_entry_generic, grunt_megastairs_1
Lair:5:   layout_misc_corridors, slime_altar_1, uniq_sonja
Lair:6:   minmay_lair_end_frog_pond, layout_hall_layers, serial_rivers,
          chequers_serial_rivers_small_a, chequers_serial_rivers_micro_a,
          chequers_serial_rivers_room_a, chequers_serial_rivers_small_a,
          chequers_serial_rivers_micro_d, chequers_serial_rivers_micro_a,
          grunt_forest_small_clearing_treed, uniq_urug

Skill      XL: |  1  2  3  4  5  6  7  8  9 10 11 12 13 |
---------------+----------------------------------------+-----
Summonings     | 5 6 7 8 9 10 11 12 | 12.6
Spellcasting   | 3 4 5 6 7 8 9 |  9.9
Fighting       | 1 3 4 6 7 9 10 | 10.9
Ice Magic      | 1 3 4 6 7 |  7.2
Dodging        | 3 4 5 |  5.6
Shields        | 2 |  2.7
Conjurations   | 1 4 6 8 |  8.3
Air Magic      | 2 6 8 9 |  9.2
Armour         | 3 5 6 |  6.7
Maces & Flails | 2 5 6 |  6.1
Stealth        | |  1.7

Action                   |  1- 3 |  4- 6 |  7- 9 | 10-12 | 13-15 || total
-------------------------+-------+-------+-------+-------+-------++-------
Melee: Club              |    16 |       |       |       |       ||    16
       Unarmed           |     3 |       |       |       |       ||     3
       Mace              |    70 |   107 |   204 |   411 |   121 ||   913
 Cast: Summon Small Mamm |    12 |     1 |     1 |       |       ||    14
       Call Imp          |     7 |    12 |     7 |       |       ||    26
       Call Canine Famil |     3 |    14 |    14 |     1 |     1 ||    33
       Summon Ice Beast  |       |       |    30 |    74 |    16 ||   120
       Summon Lightning  |       |       |    18 |    70 |    23 ||   111
       Airstrike         |       |       |       |    57 |    48 ||   105
Invok: Curse Item        |       |       |     2 |     6 |       ||     8
 Abil: Hop               |     2 |     2 |     1 |     2 |       ||     7
       Evoke Blink       |       |       |       |     1 |       ||     1
Evoke: Wand              |       |       |       |     2 |       ||     2
  Use: Potion            |     1 |     1 |     1 |     7 |     1 ||    11
       Scroll            |       |       |    12 |     8 |     2 ||    22
 Stab: Distracted        |     1 |     2 |     3 |     6 |     2 ||    14
       Sleeping          |     5 |       |     2 |     5 |       ||    12
  Eat: Chunk             |     6 |     9 |    14 |    55 |     6 ||    90
       Ration            |       |     2 |     4 |     3 |     2 ||    11
Armor: Robe              |    27 |    22 |    57 |    42 |       ||   148
       Troll leather arm |       |       |       |    67 |    22 ||    89
       Leather armour    |       |       |       |       |     2 ||     2
Dodge: Dodged            |   107 |   114 |   139 |   283 |    63 ||   706
Block: Buckler           |       |       |       |   204 |    67 ||   271
       Reflection        |       |       |       |    12 |       ||    12
